 Dungeon Crawl Stone Soup version 0.18-a0-1229-ge9a1a01 (webtiles) character file.

1032 Winamp the Cleaver (level 8, -10/68 HPs)
             Began as a Hill Orc Fighter on Feb 4, 2016.
             Mangled by an ogre
             ... wielding a +0 giant club
              (19 damage)
             ... on level 5 of the Dungeon.
             The game lasted 00:06:20 (3956 turns).

Winamp the Cleaver (Hill Orc Fighter)               Turns: 3956, Time: 00:06:20

Health: -10/68     AC: 12    Str: 20    XL:     8   Next: 23%
Magic:  8/8        EV:  8    Int:  8    God:
Gold:   257        SH: 10    Dex: 11    Spells: 0 memorised, 7 levels left

rFire  . . .     SeeInvis +     y - +1 hand axe (chop)
rCold  . . .     Gourm    .     b - +0 scale mail
rNeg   . . .     Faith    .     c - +0 shield
rPois  .         Spirit   .     t - +0 helmet {SInv}
rElec  .         Dismiss  .     r - +1 cloak
rCorr  .         Reflect  .     (no gloves)
SustAt .         Harm     .     k - +0 pair of boots
MR     .....     Rnd*Tele +     m - amulet of magic regeneration
Stlth  ..........               (no ring)
                                s - ring of teleportation (curse)

@: not resistant to hostile enchantments, extremely unstealthy
A: no striking features
a: no special abilities


You were on level 5 of the Dungeon.
You were not hungry.

You visited 1 branch of the dungeon, and saw 5 of its levels.

You collected 257 gold pieces.

Inventory:

Hand Weapons
 a - a +0 war axe
 y - a +1 hand axe of chopping (weapon)
Armour
 b - a +0 scale mail (worn)
 c - a +0 shield (worn)
 k - a +0 pair of boots (worn)
 p - a +0 helmet
 r - a +1 cloak (worn)
 t - a +0 helmet of see invisible (worn)
Jewellery
 m - an amulet of magic regeneration (around neck)
 s - a cursed ring of teleportation (left hand)
Scrolls
 i - 3 scrolls of remove curse
 o - a scroll of teleportation {unknown}
 q - a scroll of blinking {unknown}
 w - a scroll of noise {unknown}
Potions
 d - a potion of might
 e - 4 potions of curing
 h - 2 potions of flight {unknown}
 j - a potion of lignification {unknown}
 l - a potion of cancellation
 u - a potion of agility
 v - a potion of resistance {unknown}
Comestibles
 f - 5 bread rations
 g - 4 meat rations
 n - 3 beef jerkies


   Skills:
 + Level 5.0 Fighting
 * Level 8.3 Axes
 + Level 5.1 Armour
 + Level 2.4 Dodging
 + Level 0.3 Stealth
 + Level 5.5 Shields


You had 7 spell levels left.
You didn't know any spells.

Dungeon Overview and Level Annotations

Branches:
Dungeon (5/15)
 Temple: D:4-7

Altars:
Okawaru
Sif Muna
Xom

Shops:
D:4 %


Message History

You are too injured to fight recklessly!
You are too injured to fight recklessly!
Unknown command.
You are too injured to fight recklessly!
Unknown command.
You are too injured to fight recklessly!
Unknown command.
You are too injured to fight recklessly!
You closely miss the ogre.
The ogre is severely wounded.
You barely miss the crimson imp.
The crimson imp is heavily wounded.
You block the crimson imp's attack.
Unknown command.
You barely miss the ogre.
The ogre is severely wounded.
You hit the crimson imp.
The crimson imp is almost dead.
The ogre hits you with a giant club!!
You die...

#. #.).).#
#.##.._..# .
#..#.).).#..
#...........#
##...###...##
##...#....#
#.........#
##.....##.##
##.@5#### .
#...O## ##
#.##..## #.
##..## 8
##..## # ##
##..## .#
##..## #.##
##..##...##
###........


You could see an ogre and a crimson imp.

Vanquished Creatures
  Grinder (D:5)
  An ice beast (D:4)
  A phantom (D:4)
  An ogre (D:4)
  The ghost of YrmMerkstave the Charmwright, an amateur DsSk of Kikubaaqudgha (D:4)
  A giant frog (D:4)
  Blork the orc (D:5)
  A crimson imp (D:5)
  A giant frog skeleton (D:4)
  An orc priest (D:3)
  A hound (D:4)
  An orc wizard (D:3)
  2 worker ants (D:4)
  A hound skeleton (D:4)
  A gnoll (D:2)
  5 adders
  An ooze (D:2)
  3 giant geckos (D:1)
  15 orcs
  5 giant cockroaches
  9 goblins
  5 hobgoblins
  6 jackals
  4 quokkas
  2 ball pythons
  4 bats
  3 giant newts
  8 kobolds
  5 rats
91 creatures vanquished.

Vanquished Creatures (others)
  An orc wizard (D:3)
1 creature vanquished.

Grand Total: 92 creatures vanquished

Notes
Turn   | Place    | Note
--------------------------------------------------------------
     0 | D:1      | Winamp the Hill Orc Fighter began the quest for the Orb.
     0 | D:1      | Reached XP level 1. HP: 19/19 MP: 1/1
   292 | D:1      | Reached XP level 2. HP: 22/27 MP: 2/2
   647 | D:1      | Reached XP level 3. HP: 33/33 MP: 3/3
  1464 | D:2      | Reached XP level 4. HP: 38/40 MP: 4/4
  1818 | D:3      | Reached skill level 4 in Axes
  2216 | D:3      | Reached XP level 5. HP: 46/46 MP: 5/5
  2355 | D:3      | Reached skill level 1 in Dodging
  2571 | D:4      | Reached skill level 5 in Axes
  2588 | D:4      | Reached XP level 6. HP: 52/52 MP: 6/6
  2659 | D:4      | Found Etsit's Food Emporium.
  2663 | D:4      | Noticed YrmMerkstave's ghost (amateur DsSk)
  2690 | D:4      | Killed YrmMerkstave's ghost
  2690 | D:4      | Reached skill level 6 in Axes
  2860 | D:4      | Noticed a phantom
  2868 | D:4      | Reached XP level 7. HP: 36/59 MP: 7/7
  3088 | D:4      | Reached skill level 7 in Axes
  3315 | D:4      | Found a shimmering altar of Xom.
  3469 | D:4      | Reached skill level 5 in Shields
  3682 | D:5      | Entered Level 5 of the Dungeon
  3682 | D:5      | Noticed Grinder
  3761 | D:5      | Paralysed by Grinder for 6 turns
  3780 | D:5      | Killed Grinder
  3780 | D:5      | Reached skill level 8 in Axes
  3780 | D:5      | Reached skill level 5 in Armour
  3780 | D:5      | Reached XP level 8. HP: 53/67 MP: 8/8
  3824 | D:5      | Found a deep blue altar of Sif Muna.
  3841 | D:5      | Found an iron altar of Okawaru.
  3855 | D:5      | Noticed Blork the orc
  3865 | D:5      | Killed Blork the orc
  3865 | D:5      | Reached skill level 5 in Fighting
  3956 | D:5      | Mangled by an ogre

Vault maps used:
D:1:      saegor_arrival_simple_f, columned_hall_lemuel, minmay_cut_off
D:2:      minmay_door_path, minmay_statues_item, kennysheep_generic_room_15
D:3:      first_bread
D:4:      xom_confusion_cloud, serial_shops, nicolae_shop_window_shopping,
          minmay_misc_feat_ornament
D:5:      kennysheep_little_box, okawaru_ov_weapons_minmay,
          johnstein_pakellas_dig, temple_statues, basic_altar,
          lemuel_angel_altar, uniq_blork_the_orc, uniq_grinder

Action                   |  1- 3 |  4- 6 |  7- 9 || total
-------------------------+-------+-------+-------++-------
Melee: War axe           |    93 |   110 |    89 ||   292
       Hand axe          |       |       |    77 ||    77
  Use: Scroll            |     1 |     2 |     2 ||     5
       Potion            |       |       |     1 ||     1
  Eat: Chunk             |     2 |     4 |     2 ||     8
       Fruit             |       |       |     1 ||     1
       Beef jerky        |       |       |     1 ||     1
